 Dungeon Crawl Stone Soup version 0.21-a0-471-gd587bd5 (webtiles) character file.

184 theanonym the Chopper (level 5, -2/61 HPs)
             Began as a Demonspawn Fighter on Nov 21, 2017.
             Slain by a scorpion (4 damage)
             ... on level 4 of the Dungeon.
             The game lasted 00:03:48 (2985 turns).

theanonym the Chopper (Demonspawn Fighter)          Turns: 2985, Time: 00:03:48

Health: -2/61      AC:  6    Str: 22    XL:     5   Next: 36%
Magic:  5/5        EV:  7    Int: 15    God:
Gold:   180        SH:  9    Dex: 12    Spells: 4/4 levels left

rFire    . . .     SeeInvis .   a - +0 war axe
rCold    . . .     Gourm    .   c - +0 shield
rNeg     . . .     Faith    .   b - +0 scale mail
rPois    .         Spirit   .   (no helmet)
rElec    .         Reflect  .   (no cloak)
rCorr    .         Harm     .   (no gloves)
MR       .....                  (no boots)
Stlth    ..........             (no amulet)
HPRegen  0.20/turn              (no ring)
MPRegen  0.09/turn              (no ring)

@: mighty, brilliant, berserking, lethally poisoned (-2 -> -26), slowed
A: claws 1, nightstalker 1
a: no special abilities


Innate Abilities, Weirdness & Mutations

You have sharp fingernails.
You are slightly more attuned to the shadows.


   Skills:
 - Level 3.0 Fighting
 + Level 5.2 Axes
 - Level 2.6 Armour
 - Level 2.6 Shields


You had 4 spell levels left.
You didn't know any spells.

Skill      XL: |  1  2  3  4  5 |
---------------+----------------+-----
Axes           | 2 3 4 5 |  5.2
Fighting       | |  3.0
Armour         | |  2.6
Shields        | |  2.6

Action                   |  1- 3 |  4- 6 || total
-------------------------+-------+-------++-------
Melee: War axe           |   108 |   100 ||   208
  Use: Potion            |       |     4 ||     4
  Eat: Chunk             |     1 |     6 ||     7
Armor: Scale mail        |    63 |    43 ||   106
Dodge: Dodged            |    27 |    20 ||    47
Block: Shield            |    39 |    52 ||    91

Inventory:

Hand Weapons
 a - a +0 war axe (weapon)
Missiles
 u - 5 javelins (quivered)
 x - 20 poisoned needles
Armour
 b - a +0 scale mail (worn)
 c - a +0 shield (worn)
Scrolls
 g - a scroll of blinking {unknown}
 h - a scroll of amnesia {unknown}
 i - a scroll of teleportation {unknown}
 l - 3 scrolls of identify {unknown}
 m - a scroll of enchant weapon {unknown}
 n - 4 scrolls of magic mapping {unknown}
 r - a scroll of remove curse {unknown}
 s - a scroll of random uselessness {unknown}
Potions
 o - a potion of agility {unknown}
 q - 3 potions of heal wounds
 v - a potion of curing {unknown}
 w - a potion of invisibility {unknown}
Books
 t - a book of Misfortune
   (You found it on level 3 of the Dungeon)

   Spells                             Type                      Level
   a - Confusing Touch                Hexes                        1
   b - Confuse                        Hexes                        3
   c - Gell's Gravitas                Translocation                3
   d - Petrify                        Transmutation/Earth          4
   e - Metabolic Englaciation         Hexes/Ice                    5
   f - Yara's Violent Unravelling     Hexes/Transmutation          5
Comestibles
 f - 3 bread rations
 j - a meat ration
 k - 4 royal jellies

Dungeon Overview and Level Annotations

Branches:
Dungeon (4/15)
 Temple: D:4-7

Altars:
Xom
Zin


You were on level 4 of the Dungeon.
You were not hungry.

You visited 1 branch of the dungeon, and saw 4 of its levels.

You collected 180 gold pieces.


Message History

You take 1 damage, and have 34/35 hp.
You feel sick.
You take 1 damage, and have 33/35 hp.
The crimson imp lashes its tail.
The crimson imp grinds its teeth.
You feel sick. The crimson imp hits you.
You take 4 damage, and have 29/35 hp.
You hit the crimson imp. You closely miss the worker ant.
You closely miss the crimson imp. The worker ant bites you.
You are more poisoned.
The worker ant poisons you! You block the crimson imp's attack.
The crimson imp blinks!
The worker ant bites you.
You are lethally poisoned!
The worker ant poisons you!
The crimson imp hits you but does no damage.
You take 6 damage, and have 23/35 hp.
You feel sick.
The crimson imp shouts, "Flee, thou rank sheep-biting cross-patch!"
You take 2 damage, and have 21/35 hp.
It was a potion of heal wounds.
You feel much better.
You feel sick. The worker ant bites you.
The crimson imp shouts, "Crawl home, thou bawdy weeb-spouting mammet!"
You regained 10 hp, and now have 31/35 hp.
You feel very mighty all of a sudden.
You feel sick. The worker ant completely misses you.
The crimson imp blinks!
The worker ant bites you but does no damage.
You closely miss the worker ant.
You feel very sick.
The crimson imp blinks! x2; You block the worker ant's attack.
You take 3 damage, and have 28/35 hp.
You slice the worker ant!!
You kill the worker ant!
You have reached level 5!
Your demonic ancestry asserts itself...
Your fingernails lengthen.
You feel sick. The crimson imp closely misses you.
You regained 4 hp, and now have 32/41 hp.
MP restored: 5 Unknown command.
Your shield prevents you from hitting the crimson imp.
You feel sick.
The crimson imp blinks!
The crimson imp hits you with a dagger of chaos.
You take 3 damage, and have 29/41 hp.
You closely miss the crimson imp.
You feel sick.
The crimson imp lashes its tail.
The crimson imp hits you with a dagger of chaos.
You feel yourself slow down.
You take 4 damage, and have 25/41 hp.
You closely miss the crimson imp.
You feel sick.
The crimson imp blinks!
The crimson imp hits you but does no damage.
You are more poisoned.
The crimson imp hits you but does no damage.
You take 2 damage, and have 23/41 hp.
You slash the crimson imp!
You kill the crimson imp!
Your Axes skill increases to level 5!
Your shield prevents you from hitting the crimson imp.
You feel very sick.
The crimson imp blinks!
You block the crimson imp's attack. The scorpion stings you.
* * * LOW HITPOINT WARNING * * *
You are lethally poisoned!
The scorpion poisons you!
You take 7 damage, and have 16/41 hp.
Okay, then.
Unknown command.
It was a potion of brilliance.
You feel clever all of a sudden.
* * * LOW HITPOINT WARNING * * *
You feel very sick. You block the crimson imp's attack.
The crimson imp blinks!
The scorpion stings you but does no damage.
The crimson imp hits you but does no damage.
You take 3 damage, and have 13/41 hp.
It was a potion of berserk rage.
A red film seems to cover your vision as you go berserk!
You feel yourself moving faster!
You feel mighty!
* * * LOW HITPOINT WARNING * * *
You feel very sick. The scorpion stings you.
* * * LOW HITPOINT WARNING * * *
You are more poisoned.
The scorpion poisons you! The crimson imp hits you.
* * * LOW HITPOINT WARNING * * *
The crimson imp blinks!
You block the scorpion's attack.
You now have 8/61 hp.
You are too berserk!
Unknown command.
Unknown command.
Your shield prevents you from hitting the scorpion.
You miss the crimson imp.
* * * LOW HITPOINT WARNING * * *
You feel very sick.
The crimson imp blinks!
You block the scorpion's attack.
You take 4 damage, and have 4/61 hp.
You hit the scorpion but do no damage.
* * * LOW HITPOINT WARNING * * *
You feel very sick.
The crimson imp grins evilly.
The scorpion stings you.
You die...

. ###...#.# .. ###.#.#
...## #..## #....#
##..## ......## ##..#
.......#####.##
#.##...5.###..#########
##.....###.#.......#
......55s@....#####.#
....#########..#.#.#.#
.... ##.#.#.#.# ....
#.#...#.# .. #.'._.'.#
###...### #.#.# #.#.#
#####


You could see a scorpion and 3 crimson imps.

Notes
Turn   | Place    | Note
-------+----------+-------------------------------------------
     0 | D:1      | theanonym the Demonspawn Fighter began the quest for the Orb.
     0 | D:1      | Reached XP level 1. HP: 18/18 MP: 1/1
    26 | D:1      | Reached skill level 2 in Axes
    99 | D:1      | Gained mutation: You are slightly more attuned to the shadows. [demonic ancestry]
    99 | D:1      | Reached XP level 2. HP: 24/24 MP: 2/2
   277 | D:1      | Reached skill level 3 in Axes
   531 | D:1      | Reached XP level 3. HP: 29/29 MP: 3/3
  1293 | D:2      | Reached skill level 4 in Axes
  1293 | D:2      | Reached XP level 4. HP: 35/35 MP: 4/4
  2078 | D:3      | Found a glowing silver altar of Zin.
  2950 | D:4      | Found a shimmering altar of Xom.
  2977 | D:4      | Gained mutation: You have sharp fingernails. [demonic ancestry]
  2977 | D:4      | Reached XP level 5. HP: 33/41 MP: 5/5
  2981 | D:4      | Reached skill level 5 in Axes
  2981 | D:4      | HP: 16/41 [scorpion (5)]
  2984 | D:4      | HP: 4/61 [poisoned by a scorpion]
  2985 | D:4      | Slain by a scorpion

Vanquished Creatures
  A crimson imp (D:4)
  A worker ant (D:4)
  3 adders
  An ooze (D:1)
  6 worms
  3 dart slugs
  2 leopard geckos
  5 ball pythons
  7 bats
  A giant cockroach (D:3)
  7 goblins
  6 hobgoblins
  8 jackals
  2 quokkas
  3 frilled lizards
  4 kobolds
  11 rats
71 creatures vanquished.
